 Dungeon Crawl Stone Soup version 0.29.0-15-g675c0067aa (webtiles) character file.

Game seed: 14587070543660950326

791 qw the Chopper (level 7, 1/1 (44) HPs)
             Began as a Gargoyle Fighter on Sept 12, 2022.
             Tarried too long and was consumed by Zot
             ... on level 4 of the Dungeon.
             The game lasted 00:03:55 (26913 turns).

qw the Chopper (Gargoyle Fighter)                  Turns: 26913, Time: 00:03:55

HP:   1/1 (44)      AC: 16    Str: 22    XL:     7   Next: 88%
MP:   7/7           EV:  9    Int:  8    God:
Gold: 169           SH:  4    Dex:  9    Spells: 6/6 levels left

rFire   . . .      SeeInvis .   Y - +1 war axe
rCold   . . .      Faith    .   c - +0 buckler
rNeg    + . .      Spirit   .   b - +0 scale mail
rPois   inf        Reflect  .   m - +0 helmet
rElec   +          Harm     .   (no cloak)
rCorr   .          Rampage  .   (no gloves)
Will    .....                   (no boots)
Stlth   ..........              (no amulet)
HPRegen 0.01/turn               i - +4 ring of protection
MPRegen 0.10/turn               (no ring)

@: extremely drained, bezotted and risking death
A: sickness immunity, AC +4, negative energy resistance 1, electricity
resistance, torment resistance 1, petrification resistance, hooves 1, mutation
resistance 1, MP-powered wands
a: no special abilities


You were on level 4 of the Dungeon.
You visited 2 branches of the dungeon, and saw 5 of its levels.

You collected 169 gold pieces.


Innate Abilities, Weirdness & Mutations

You are immune to sickness and miasma.
Your stone body is resilient. (AC +4)
You are immune to poison.
You resist negative energy. (rN+)
You are resistant to electric shocks. (rElec)
You are resistant to unholy torment.
You are immune to petrification.
You have large cloven feet.
You are somewhat resistant to further mutation.
You expend magic power (3 MP) to strengthen your wands.


   Skills:
 - Level 5.1 Fighting
 - Level 7.0 Axes
 + Level 0.0 Throwing
 - Level 3.2 Armour
 - Level 1.4 Dodging
 - Level 3.2 Shields


You had 6 spell levels left.
You didn't know any spells.
Your spell library was empty.

Inventory:

Hand Weapons
 k - a +0 whip
 Y - a +1 war axe (weapon)
Missiles
 p - 4 boomerangs (quivered)
Armour
 b - a +0 scale mail (worn)
 c - a +0 buckler (worn)
 m - a +0 helmet (worn)
 n - the +0 ring mail of Peocokke {+Blink rElec rF- Dex+7}
   (You found it on level 3 of the Dungeon)

   Dex:       It affects your dexterity (+7).
   rF:        It makes you vulnerable to fire.
   rElec:     It insulates you from electricity.
   +Blink:    It lets you blink.
Jewellery
 i - a +4 ring of protection (left hand)
Scrolls
 a - a scroll of identify
 g - a scroll of teleportation
Potions
 d - 3 potions of might
 e - a potion of resistance
 j - a potion of heal wounds
 l - a potion of curing
 o - 2 potions of mutation

Dungeon Overview and Level Annotations

Branches:
Dungeon (4/15) Zot: 0! Temple (1/1) D:4 You are so drained that the power of Zot will kill you!

Altars:
Ashenzari
Cheibriados
Elyvilon
Gozag
Hepliaklqana
Nemelex Xobeh
Okawaru
Qazlal
Ru
Sif Muna
Trog
Vehumet
Wu Jian
Zin

Shops:
D:1 [

Annotations:
D:4 1 runed translucent door, Crazy Yiuf


Message History

Crazy Yiuf grits, "Proton down light!"
You see here a potion of ambrosia.
Could not explore, unopened runed door.
Crazy Yiuf grits, "Whippet sing-song Xom!"
Things that are here:
a +0 robe; a +0 dagger You see here a +0 dagger.
There is an iron altar of Okawaru here.
Press < or > to pray at altars.
Press < or > to pray at altars.
Press < or > to pray at altars.
Crazy Yiuf shouts!
You see here a potion of ambrosia.
Could not explore, unopened runed door.
Things that are here:
a +0 robe; a +0 dagger You see here a +0 dagger.
There is an iron altar of Okawaru here.
Press < or > to pray at altars.
Press < or > to pray at altars.
Press < or > to pray at altars.
Crazy Yiuf shouts!
You see here a potion of ambrosia.
Could not explore, unopened runed door.
Things that are here:
a +0 robe; a +0 dagger You see here a +0 dagger.
There is an iron altar of Okawaru here.
Press < or > to pray at altars.
Press < or > to pray at altars.
Press < or > to pray at altars.
Zot has nearly found you.
Death is approaching.
Descend or flee this branch!
Crazy Yiuf cries, "You leg down broken song, no?"
You see here a potion of ambrosia.
Could not explore, unopened runed door.
Things that are here:
a +0 robe; a +0 dagger You see here a +0 dagger.
Zot has found you!
You die...

###
#.¤...............P.#
..#
#.¤~~¤~¤¤¤~~....P...#
#.#
#.¤~g..¤¤..~.......##
..#
#..~.#####.¤¤#....##
#.#
#..¤.#....¤~¤#.####
#.# #..~.#._.#¤¤¤#.#
#.# #.¤~¤....#.~.#.#
..# ##.~.#####¤~.#.#
.## #.~¤...¤¤@~...#
.# #.~~~~¤~¤¤...## .#
#.....¤¤¤...## .#
############# .# ## #


There were no monsters in sight!

Vanquished Creatures
  An ogre (D:4)
  2 phantoms (D:4)
  A scorpion (D:4)
  A howler monkey (D:4)
  A centaur zombie (D:4)
  An orc priest (D:4)
  A bullfrog skeleton (D:4)
  An iguana (D:4)
  3 scorpion zombies (D:4)
  An orc wizard (D:4)
  2 hound zombies (D:4)
  A hound skeleton (D:4)
  A mummy (D:4)
  Robin (D:3)
  A howler monkey skeleton (D:4)
  A gnoll (D:2)
  3 adders
  4 adder zombies (D:4)
  2 adder skeletons (D:4)
  6 worms
  3 dart slugs
  4 orcs
  2 endoplasms (D:4)
  5 giant cockroaches
  12 goblins
  15 hobgoblins
  2 jackals (D:2)
  7 kobolds
  3 quokkas
  6 ball pythons
  4 bats
  2 frilled lizards
  A goblin zombie (D:4)
  A kobold zombie (D:4)
  A quokka zombie (D:4)
  7 rats
110 creatures vanquished.

Vanquished Creatures (others)
  8 withered plants (D:4)
8 creatures vanquished.

Grand Total: 118 creatures vanquished

Notes
Turn   | Place    | Note
-------+----------+-------------------------------------------
     0 | D:1      | qw the Gargoyle Fighter began the quest for the Orb.
     0 | D:1      | Reached XP level 1. HP: 14/14 MP: 1/1
     0 | D:1      | 0 ||| qw: Version: 0.1-a-119-g272c26d
     0 | D:1      | 0 ||| qw: Game counter: 10846
     0 | D:1      | 0 ||| qw: Always use a shield: true
     0 | D:1      | 0 ||| qw: God list: Okawaru
     0 | D:1      | 0 ||| qw: Allow faded altars: false
     0 | D:1      | 0 ||| qw: Do Orc after D:15 true
     0 | D:1      | 0 ||| qw: Do second Lair branch before Depths: true
     0 | D:1      | 0 ||| qw: Lair rune preference: random
     0 | D:1      | 0 ||| qw: Plans: Normal, Zot, God:TSO, Crypt, Tomb, Pan,
                  | Slime, Hells, Zig, Abyss, Orb
     0 | D:1      | 0 ||| PLANNING D:1-11
   232 | D:1      | Reached skill level 2 in Axes
   321 | D:1      | 321 ||| Stepping ~*~*~tactically~*~*~ (stealth).
   328 | D:1      | 328 ||| Stepping ~*~*~tactically~*~*~ (stealth).
   346 | D:1      | Reached XP level 2. HP: 13/19 MP: 2/2
   451 | D:1      | Found Asihem's Armour Shoppe.
   827 | D:1      | Reached skill level 3 in Axes
   883 | D:1      | 883 ||| Stepping ~*~*~tactically~*~*~ (stealth).
   885 | D:1      | 885 ||| Stepping ~*~*~tactically~*~*~ (stealth).
   894 | D:1      | Reached XP level 3. HP: 21/23 MP: 3/3
   945 | D:1      | 945 ||| Stepping ~*~*~tactically~*~*~ (stealth).
  1114 | D:1      | 1114 ||| UPGRADING to +4 ring of protection.
  1115 | D:1      | 1115 ||| DROPPING ring of wizardry.
  1116 | D:1      | 1116 ||| READING 2 scrolls labelled CICLOMNUTOO.
  1117 | D:1      | 1117 ||| READING scroll labelled GIJEOJ FEGA.
  1118 | D:1      | 1118 ||| DRINKING 2 sedimented pink potions.
  1119 | D:1      | 1119 ||| DROPPING potion of flight.
  1161 | D:2      | 1161 ||| STAIRDANCE
  1581 | D:2      | Reached XP level 4. HP: 28/28 MP: 4/4
  1763 | D:2      | Reached skill level 4 in Axes
  1961 | D:2      | Found a faded altar of an unknown god.
  2112 | D:2      | 2112 ||| UPGRADING to +0 helmet.
  2117 | D:2      | 2117 ||| READING scroll labelled ZIOLEAPHOTOZ.
  2118 | D:2      | 2118 ||| READING 2 scrolls labelled HYWKAV GEURCHEM.
  2123 | D:2      | 2123 ||| READING scroll labelled ISUL QATHRITELI.
  2124 | D:2      | 2124 ||| DRINKING 2 cyan potions.
  2174 | D:3      | 2174 ||| Stepping ~*~*~tactically~*~*~ (stealth).
  2263 | D:3      | Found a broken altar of Ashenzari.
  2263 | D:3      | Found an ornate altar of the Wu Jian Council.
  2424 | D:3      | Identified the +0 ring mail of Peocokke {+Blink rElec rF-
                  | Dex+7}
  2744 | D:3      | Found a sacrificial altar of Ru.
  2838 | D:3      | 2838 ||| DRINKING 2 fizzy brown potions.
  2943 | D:3      | 2943 ||| DRINKING 2 murky red potions.
  2943 | D:3      | Gained mutation: You have large cloven feet. [potion of
                  | mutation]
  2943 | D:3      | Gained mutation: You expend magic power (3 MP) to
                  | strengthen your wands. [potion of mutation]
  2943 | D:3      | Gained mutation: You are somewhat resistant to further
                  | mutation. [potion of mutation]
  2944 | D:3      | 2944 ||| DROPPING potion of berserk rage.
  3000 | D:4      | Noticed Robin
  3001 | D:4      | 3001 ||| PLANNING OSSUARY
  3001 | D:4      | 3001 ||| STAIRDANCE
  3007 | D:3      | Killed Robin
  3008 | D:3      | Reached XP level 5. HP: 22/32 MP: 5/5
  3105 | D:4      | 3105 ||| STAIRDANCE
  3116 | D:4      | 3116 ||| STAIRDANCE
  3149 | D:4      | 3149 ||| STAIRDANCE
  3209 | D:4      | 3209 ||| STAIRDANCE
  3279 | D:4      | 3279 ||| STAIRDANCE
  3318 | D:4      | Reached skill level 5 in Axes
  3319 | D:4      | 3319 ||| STAIRDANCE
  3408 | D:4      | Reached XP level 6. HP: 37/38 MP: 6/6
  3474 | D:4      | Found a shimmering blue altar of Sif Muna.
  3475 | D:4      | 3475 ||| Stepping ~*~*~tactically~*~*~ (hiding).
  3487 | D:4      | Reached skill level 1 in Dodging
  3489 | D:4      | 3489 ||| FLEEEEING.
  3492 | D:4      | 3492 ||| FLEEEEING.
  3493 | D:4      | 3493 ||| FLEEEEING.
  3493 | D:4      | Found a sparkling altar of Nemelex Xobeh.
  3495 | D:4      | 3495 ||| FLEEEEING.
  3496 | D:4      | 3496 ||| FLEEEEING.
  3497 | D:4      | 3497 ||| FLEEEEING.
  3498 | D:4      | 3498 ||| FLEEEEING.
  3499 | D:4      | 3499 ||| FLEEEEING.
  3500 | D:4      | 3500 ||| FLEEEEING.
  3501 | D:4      | 3501 ||| FLEEEEING.
  3502 | D:4      | 3502 ||| FLEEEEING.
  3503 | D:4      | 3503 ||| FLEEEEING.
  3504 | D:4      | 3504 ||| FLEEEEING.
  3505 | D:4      | 3505 ||| FLEEEEING.
  3506 | D:4      | 3506 ||| STAIRDANCE
  3648 | D:4      | 3648 ||| Stepping ~*~*~tactically~*~*~ (hiding).
  3657 | D:4      | 3657 ||| DRINKING potion of curing.
  3657 | D:4      | 3657 ||| (to cure confusion)
  3664 | D:4      | 3664 ||| RIP OSSUARY
  3672 | D:4      | 3672 ||| PLANNING D:1-11
  3701 | D:4      | 3701 ||| DROPPING +0 club.
  3748 | D:4      | Found a staircase to the Ecumenical Temple.
  3749 | D:4      | 3749 ||| PLANNING TEMPLE
  3757 | Temple   | Entered the Ecumenical Temple
  3791 | Temple   | 3791 ||| PLANNING D:1-11
  3876 | D:4      | 3876 ||| Stepping ~*~*~tactically~*~*~ (stealth).
  3877 | D:4      | 3877 ||| Stepping ~*~*~tactically~*~*~ (stealth).
  3924 | D:4      | Reached XP level 7. HP: 38/43 MP: 7/7
  3933 | D:4      | Reached skill level 6 in Axes
  3938 | D:4      | 3938 ||| Stepping ~*~*~tactically~*~*~ (stealth).
  4070 | D:4      | Reached skill level 7 in Axes
  4077 | D:4      | Found a hazy altar of Hepliaklqana.
  4272 | D:4      | 4272 ||| Stepping ~*~*~tactically~*~*~ (stealth).
  4316 | D:4      | Found a runed translucent door.
  4317 | D:4      | Noticed Crazy Yiuf
  4386 | D:4      | Found an iron altar of Okawaru.
  4459 | D:4      | 4459 ||| READING scroll labelled MEUFAI ELEMIRCH.
  4460 | D:4      | 4460 ||| READING scroll labelled CIJYCL HIBARGH.
  4461 | D:4      | 4461 ||| DRINKING 2 glowing pink potions.
  4462 | D:4      | 4462 ||| READING 3 scrolls of identify.
  4462 | D:4      | 4462 ||| IDENTIFYING black potion
  4463 | D:4      | 4463 ||| READING 2 scrolls of identify.
  4463 | D:4      | 4463 ||| IDENTIFYING inky potion
  4464 | D:4      | 4464 ||| DROPPING potion of ambrosia.
 22913 | D:4      | Glimpsed the power of Zot.
 23413 | D:4      | Glimpsed the power of Zot.
 23813 | D:4      | Glimpsed the power of Zot.
 23913 | D:4      | Touched by the power of Zot.
 23914 | D:4      | Glimpsed the power of Zot.
 24414 | D:4      | Glimpsed the power of Zot.
 24814 | D:4      | Glimpsed the power of Zot.
 24913 | D:4      | Touched by the power of Zot.
 24914 | D:4      | Glimpsed the power of Zot.
 25414 | D:4      | Glimpsed the power of Zot.
 25814 | D:4      | Glimpsed the power of Zot.
 25913 | D:4      | Touched by the power of Zot.
 25914 | D:4      | Glimpsed the power of Zot.
 26414 | D:4      | Glimpsed the power of Zot.
 26814 | D:4      | Glimpsed the power of Zot.
 26913 | D:4      | Tarried too long and was consumed by Zot

Levels and vault maps discovered:
D:1:      minmay_arrival_widening_spiral_wide, layout_basic, serial_shops,
          nicolae_shop_crystal, minmay_fountain_box
D:2:      layout_basic, ebering_ecumenical_altar_mist, cheibrodos_gnoll_hut
D:3:      layout_loops_ring, nicolae_overflow_hidden_temple,
          gammafunk_temple_overflow_elements
D:4:      layout_rooms, mainiacjoe_overflow_brackets,
          mainiacjoe_overflow_tiny_flanked, kennysheep_little_box,
          nicolae_overflow_crystal_walls, minmay_temple_entry_overgrown,
          nicolae_ossuary_entry_giza, serial_undead, serial_undead_c,
          serial_undead_a, serial_undead_b, serial_undead_a, serial_undead_f,
          serial_undead_f, uniq_crazy_yiuf_cottage, uniq_robin
Temple:   hellmonk_temple_of_storms

Skill      XL: |  1  2  3  4  5  6  7 |
---------------+----------------------+-----
Axes           | 2 3 4 5 7 |  7.0
Fighting       | 4 5 |  5.1
Dodging        | 1 |  1.4
Armour         | |  3.2
Shields        | |  3.2

Action                   |  1- 3 |  4- 6 |  7- 9 || total
-------------------------+-------+-------+-------++-------
Melee: War axe           |   101 |   156 |    61 ||   318
       Kick              |       |    18 |    19 ||    37
Throw: Boomerang         |       |       |    13 ||    13
  Use: Scroll            |     2 |     3 |     4 ||     9
       Potion            |     1 |     4 |     1 ||     6
Armor: Scale mail        |    46 |   130 |    28 ||   204
Dodge: Dodged            |    32 |    98 |    24 ||   154
Block: Buckler           |    12 |    42 |     8 ||    62

Table legend:
 A = Non-vault XP
 B = Vault XP
 C = Vault XP percentage of total XP
 D = Non-vault monster count
 E = Vault monster count
 F = Vault count percentage of total count
                 A         B        C        D         E       F
            +---------+---------+-------+---------+---------+-------
      Total |     550 |     581 |  51.4 |      73 |      37 |  33.6
            +---------+---------+-------+---------+---------+-------
        D:1 |      44 |       0 |   0.0 |      26 |       0 |   0.0
        D:2 |      60 |      18 |  23.1 |      16 |       3 |  15.8
        D:3 |      41 |      40 |  49.4 |      13 |      13 |  50.0
        D:4 |     405 |     523 |  56.4 |      18 |      21 |  53.8
            +---------+---------+-------+---------+---------+-------
